 Dungeon Crawl Stone Soup version 0.21.0 (webtiles) character file.

114 Hekarica the Shield-Bearer (level 4, -4/24 HPs)
             Began as a Vine Stalker Fighter on May 18, 2018.
             Was an Initiate of Wu Jian.
             Killed by divine providence
             ... invoked by an orc priest
              (9 damage)
             ... on level 3 of the Dungeon.
             The game lasted 00:18:24 (2604 turns).

Hekarica the Shield-Bearer (Vine Stalker Fighter)   Turns: 2604, Time: 00:18:24

Health: -4/24      AC:  9    Str: 17 (20) XL:     4   Next: 98%
Magic:  0/5        EV:  7    Int:  7 (8)  God:    Wu Jian [......]
Gold:   54         SH:  9    Dex: 10 (13) Spells: 3/3 levels left

rFire    . . .     SeeInvis .   a - +2 long sword
rCold    . . .     Gourm    .   c - +0 shield
rNeg     . . .     Faith    .   b - +0 scale mail
rPois    .         Spirit   +   (no helmet)
rElec    .         Reflect  .   m - +0 cloak
rCorr    +         Harm     .   (no gloves)
MR       .....                  g - +0 pair of boots
Stlth    ..........             (no amulet)
HPRegen  0.48/turn              e - ring of resist corrosion
MPRegen  0.09/turn              (no ring)

@: no status effects
A: fangs 2, regeneration 1, magic shield, antimagic bite, no potion heal 3, rot
immunity
a: Renounce Religion


You were on level 3 of the Dungeon.
You worshipped Wu Jian.
Wu Jian was noncommittal.
You were not hungry.

You visited 1 branch of the dungeon, and saw 3 of its levels.

You collected 54 gold pieces.

Inventory:

Hand Weapons
 a - a +2 long sword (weapon)
 j - a +1 short sword of freezing
 l - a +2 antimagic dagger
Armour
 b - a +0 scale mail (worn)
 c - a +0 shield (worn)
 g - a +0 pair of boots (worn)
 m - a +0 cloak (worn)
Jewellery
 e - a ring of resist corrosion (left hand)
Wands
 k - a wand of acid (6)
Scrolls
 h - 2 scrolls of teleportation
 i - 4 scrolls of remove curse
Potions
 d - a potion of might
Comestibles
 f - 2 rations


   Skills:
 * Level 3.5 Fighting
 + Level 2.3 Long Blades
 + Level 3.0 Armour
 - Level 0.2 Dodging
 + Level 3.6 Shields


You had 3 spell levels left.
You didn't know any spells.

Dungeon Overview and Level Annotations

Branches:
Dungeon (3/15)

Altars:
Sif Muna
Uskayaw
Wu Jian
Zin


Innate Abilities, Weirdness & Mutations

You have extremely sharp teeth.
Your natural rate of healing is unusually fast.
When hurt, damage is shared between your health and your magic reserves.
Your bite disrupts and absorbs the magic of your enemies.
Potions cannot restore your health.
You are immune to rotting.


Message History

Your Armour skill increases to level 3!
You hit the orc but do no damage. Your bite misses the orc.
The orc hits you but does no damage.
The orc priest mumbles some strange prayers to Beogh against you.
Beogh smites you!
Ouch! That really hurt!
* * * LOW HITPOINT WARNING * * *
You hit the orc.
The orc is lightly wounded.
You block the orc's attack. x2
You hit the orc.
The orc is heavily wounded.
The orc closely misses you.
You hit the orc.
You kill the orc!
The Council accepts your kill.
Your shield prevents you from hitting the orc priest.
The orc priest mumbles some strange prayers to Beogh against you.
Beogh smites you!
You die...

#..)#.##.# #.....##.#
###....#.# #....#.#
#....# # ### #....#.#
#.. . ####.#.#
########.#
....#####...###........#
.....go@......#.#####..#
....#####...........#..#
[ #..<.[#.#..#...#
....###.........
##..#####...#...
.>.......#.#.. ####
##.#._.#. #..#.#..
#..†#...


You could see an orc priest and a hobgoblin.

Vanquished Creatures
  5 adders (D:2)
  A worm (D:2)
  4 dart slugs (D:1)
  3 leopard geckos
  5 orcs (D:3)
  3 bats (D:1)
  3 giant cockroaches
  5 goblins
  6 hobgoblins
  4 jackals (D:1)
  A quokka (D:3)
  3 frilled lizards
  4 kobolds (D:2)
  4 rats
51 creatures vanquished.

Notes
Turn   | Place    | Note
-------+----------+-------------------------------------------
     0 | D:1      | Hekarica the Vine Stalker Fighter began the quest for the Orb.
     0 | D:1      | Reached XP level 1. HP: 11/11 MP: 2/2
    66 | D:1      | Reached XP level 2. HP: 13/16 MP: 3/3
   694 | D:1      | Reached XP level 3. HP: 19/19 MP: 4/4
  1140 | D:2      | Gained mutation: Your natural rate of healing is unusually fast. [Vine Stalker growth]
  1140 | D:2      | Reached XP level 4. HP: 13/24 MP: 3/5
  1510 | D:2      | Found an ornate altar of the Wu Jian Council.
  1512 | D:2      | Found a glowing silver altar of Zin.
  1524 | D:2      | Became a worshipper of the Wu Jian Council
  1747 | D:2      | Found a hide-covered altar of Uskayaw.
  1828 | D:3      | Found a faded altar of an unknown god.
  2081 | D:3      | Found a deep blue altar of Sif Muna.
  2604 | D:3      | Killed from afar by an orc priest

Skill      XL: |  1  2  3  4 |
---------------+-------------+-----
Shields        | 3 |  3.6
Long Blades    | 2 |  2.3
Fighting       | 3 |  3.5
Armour         | 3 |  3.0
Dodging        | |  0.2

Action                   |  1- 3 |  4- 6 || total
-------------------------+-------+-------++-------
Melee: Long sword        |    97 |    55 ||   152
       Bite              |    28 |    15 ||    43
Invok: Lunge             |       |     2 ||     2
  Use: Scroll            |     4 |     4 ||     8
       Potion            |       |     3 ||     3
  Eat: Ration            |     1 |     1 ||     2
Armor: Scale mail        |    37 |    24 ||    61
Dodge: Dodged            |    29 |    11 ||    40
Block: Shield            |    42 |    26 ||    68
       Rpst.: Long sword |     7 |     4 ||    11
